 Dungeon Crawl Stone Soup version 0.30-a0-782-ge64f9170bb (webtiles) character file.

Game seed: 9636066127690643600

5451 HoaS the Skirmisher (level 10, -1/109 HPs)
             Began as a Demigod Hunter on Feb 26, 2023.
             Slain by a two-headed ogre
             ... wielding a +0 giant spiked club
              (10 damage)
             ... on level 10 of the Dungeon.
             The game lasted 00:18:16 (8569 turns).

HoaS the Skirmisher (Demigod Hunter)                Turns: 8569, Time: 00:18:17

Health: -1/109     AC: 25    Str: 12    XL:     10   Next: 18%
Magic:  13/13      EV:  2    Int: 11    God:
Gold:   651        SH:  0    Dex: 37    Spells: 9/9 levels left

rFire   . . .      SeeInvis .    a - +0 shortbow (flame)
rCold   . . .      Faith    .    (shield currently unavailable)
rNeg    . . .      Spirit   .    (body armour currently unavailable)
rPois   +          Reflect  .    (helmet currently unavailable)
rElec   .          Harm     .    (cloak currently unavailable)
rCorr   .          Rampage  .    (gloves currently unavailable)
Will    +....      NoTele   +    (boots currently unavailable)
Stlth   +++                      C - amulet of the acrobat
HPRegen 0.38/turn                h - +5 ring of evasion
MPRegen 0.13/turn                m - +8 ring of dexterity

@: tree-form
A: stationary, stasis, torment immunity, boosted hp, high MP 1, forlorn, divine
attributes
a: no special abilities


You were on level 10 of the Dungeon.
You were a tree.
You visited 1 branch of the dungeon, and saw 10 of its levels.

You collected 1366 gold pieces.
You spent 715 gold pieces at shops.

Inventory:

Hand Weapons
 a - a +0 shortbow of flaming (weapon)
Missiles
 A - a throwing net
Armour
 c - a +1 leather armour (melded)
 f - a +1 helmet (melded)
 q - a +1 pair of boots of flying (melded)
 r - a +0 cloak (melded)
 s - a scarf of repulsion
 x - a +0 pair of gloves (melded)
Jewellery
 h - a +5 ring of evasion (left branch)
 l - a ring of willpower
 m - a +8 ring of dexterity (right branch)
 n - a ring of see invisible
 C - an amulet of the acrobat (around neck)
Wands
 j - a wand of charming (8)
 p - a wand of flame (20)
 v - a wand of roots (9)
 y - a wand of acid (4)
Scrolls
 b - a scroll of immolation
 d - 4 scrolls of teleportation
 i - 2 scrolls of butterflies
 t - 2 scrolls of blinking
 w - a scroll of fog
 B - a scroll of magic mapping
Potions
 e - 4 potions of curing
 g - a potion of ambrosia
 o - 2 potions of resistance
 u - 2 potions of might {unknown}
 z - a potion of attraction {unknown}
 D - a potion of haste


   Skills:
 - Level 1.7 Fighting
 + Level 14.5 Ranged Weapons
 - Level 1.7 Dodging
 - Level 0.8 Stealth


You had 9 spell levels left.
You didn't know any spells.
Your spell library contained the following spells:

 Spells                   Type           Power      Damage    Failure   Level
 Dazzling Flash           Conj/Hex       0%         N/A       71%         3
 Hailstorm                Conj/Ice       0%         3d3       71%         3
 Animate Dead             Necr           0%         N/A       98%         4
 Ice Form                 Ice/Tmut       0%         N/A       98%         4
 Agony                    Necr           0%         N/A       100%        5
 Borgnjor's Vile Clutch   Necr/Erth      0%         N/A       100%        5
 Silence                  Hex/Air        0%         N/A       100%        5
 Death Channel            Necr           0%         N/A       100%        6
 Simulacrum               Ice/Necr       0%         N/A       100%        6


Dungeon Overview and Level Annotations

Branches:
Dungeon (10/15)            Temple (0/1) D:5
   Lair: D:8-11         Orc: D:9-12

Shops:
D:2 =

Annotations:
D:7 3 runed translucent doors, cheburek's ghost, novice AtWr
D:9 Joseph
D:10 3 runed translucent doors, pener's ghost, journeyman MiFi


Innate Abilities, Weirdness & Mutations

You are a tree.
Your roots penetrate the ground, keeping you stationary.
You cannot be teleported.
You are immune to unholy pain and torment.
Your maximum health is greatly increased.
Your equipment is partially melded.
You have an increased reservoir of magic. (+10% MP)
You shall have no god before yourself.
Your divine heritage dramatically boosts your attributes as you level up.


Message History

Found a mace.
You see here a +0 mace.
Found a morningstar.
You see here a +0 morningstar.
Found an opulent altar of Gozag.
You now have 639 gold pieces (gained 2).
You now have 641 gold pieces (gained 2).
You now have 642 gold pieces (gained 1).
You now have 643 gold pieces (gained 1).
You now have 645 gold pieces (gained 2).
You now have 647 gold pieces (gained 2).
You now have 649 gold pieces (gained 2).
You now have 651 gold pieces (gained 2).
D - a potion of haste
y - a wand of acid (4)
A two-headed ogre comes into view.
It is wielding a +0 giant spiked club and a +0 giant club.
The two-headed ogre shouts in stereo!
You shoot an arrow. The arrow hits the two-headed ogre.
The arrow burns the two-headed ogre.
The two-headed ogre is lightly wounded.
The two-headed ogre misses you.
The two-headed ogre hits you with a +0 giant club!
You shoot an arrow.
The arrow barely misses the two-headed ogre.
The two-headed ogre hits you with a +0 giant spiked club!!
The two-headed ogre misses you.
You shoot an arrow. The arrow hits the two-headed ogre!
The arrow burns the two-headed ogre.
The two-headed ogre is moderately wounded.
Really quaff the potion of lignification?
You turn into a tree.
Your +0 cloak melds into your body.
Your +1 helmet melds into your body.
Your +0 pair of gloves melds into your body.
Your +1 pair of boots of flying melds into your body.
Your +1 leather armour melds into your body.
You float gracefully downwards.
Your roots penetrate the ground.
The two-headed ogre hits you with a +0 giant spiked club!!
* * * LOW HITPOINT WARNING * * *
The two-headed ogre hits you with a +0 giant club!
You die...

.. .# .# #
. .#..
####....#
#.O...# #♣#
#.# ##.#
##..# #..##
#..# #.##
#..# #.#
#..###.#
#.....###..
#..#


You could see a two-headed ogre.

Vanquished Creatures
  An unseen horror (D:10)
  Maggie (D:6)
  Grinder (D:4)
  Sigmund (D:5)
  A wraith (D:10)
  A wyvern (D:7)
  Eustachio (D:6)
  3 yaks (D:10)
  Edmund (D:6)
  Menkaure (D:4)
  3 water moccasins
  A sky beast (D:8)
  A black bear (D:6)
  An ogre (D:6)
  The ghost of wogdood the Chopper, an amateur DsGl of Trog (D:4)
  3 centaurs
  3 phantoms
  A bullfrog (D:8)
  4 necrophages
  3 gnoll sergeants
  A scorpion (D:7)
  5 wights (D:9)
  9 killer bees (D:7)
  A howler monkey (D:6)
  An electric eel (D:8)
  4 orc priests
  8 hounds
  5 jellies
  2 iguanas
  5 orc wizards
  A mummy (D:6)
  Robin (D:4)
  22 gnolls
  3 adders
  2 ufetubi
  A worm (D:2)
  3 dart slugs
  31 orcs
  6 bats
  6 endoplasms
  7 giant cockroaches
  14 goblins
  11 hobgoblins
  6 jackals
  2 quokkas
  13 ball pythons
  4 frilled lizards
  7 kobolds
  9 rats
  2 bushes (D:2)
225 creatures vanquished.

Vanquished Creatures (others)
  4 plants (D:2)
4 creatures vanquished.

Grand Total: 229 creatures vanquished

Notes
Turn   | Place    | Note
-------+----------+-------------------------------------------
     0 | D:1      | HoaS the Demigod Hunter began the quest for the Orb.
     0 | D:1      | Reached XP level 1. HP: 17/17 MP: 3/3
    48 | D:1      | Reached skill level 4 in Ranged Weapons
   103 | D:1      | Reached XP level 2. HP: 24/24 MP: 4/4
   777 | D:2      | Reached XP level 3. HP: 29/29 MP: 5/5
   833 | D:2      | Found Hyiggysh's One-of-a-Kind Rings.
  1384 | D:2      | Reached skill level 5 in Ranged Weapons
  1781 | D:3      | Reached XP level 4. HP: 36/36 MP: 6/6
  1818 | D:3      | Noticed a necrophage
  1834 | D:3      | Killed a necrophage
  1835 | D:3      | Reached skill level 6 in Ranged Weapons
  1835 | D:3      | Reached XP level 5. HP: 35/41 MP: 7/7
  2464 | D:4      | Reached XP level 6. HP: 48/48 MP: 8/8
  2519 | D:4      | Found a transporter.
  2531 | D:4      | Found a transporter.
  2531 | D:4      | Noticed wogdood's ghost (amateur DsGl)
  2564 | D:4      | Noticed Grinder
  2567 | D:4      | Paralysed by Grinder for 5 turns
  2573 | D:4      | Killed Grinder
  2574 | D:4      | Reached skill level 7 in Ranged Weapons
  2587 | D:4      | Identified the +1 ring mail of the Weak God {rN++ Dex-3}
  2792 | D:4      | Noticed Robin
  2807 | D:4      | Killed Robin
  2882 | D:4      | Noticed Menkaure
  2892 | D:4      | Noticed a water moccasin
  3102 | D:4      | Killed a water moccasin
  3103 | D:4      | Reached skill level 8 in Ranged Weapons
  3103 | D:4      | Reached XP level 7. HP: 53/53 MP: 9/9
  3273 | D:4      | Killed Menkaure
  3351 | D:4      | Identified a scroll of acquirement
  3351 | D:4      | Acquired 763 gold pieces
  3418 | D:5      | Entered Level 5 of the Dungeon
  3427 | D:5      | Noticed Sigmund
  3432 | D:5      | Killed Sigmund
  3433 | D:5      | Reached skill level 9 in Ranged Weapons
  3587 | D:2      | Bought a +8 ring of dexterity for 715 gold pieces
  3709 | D:5      | You fall into a shaft and drop 1 floor!
  3897 | D:5      | Reached XP level 8. HP: 55/60 MP: 10/10
  3921 | D:5      | Reached skill level 10 in Ranged Weapons
  4317 | D:5      | Found a staircase to the Ecumenical Temple.
  4586 | D:6      | Noticed Eustachio
  4595 | D:6      | Killed Eustachio
  4609 | D:6      | Reached skill level 11 in Ranged Weapons
  4720 | D:6      | Noticed Edmund
  4733 | D:6      | Killed Edmund
  5111 | D:6      | Noticed Maggie
  5117 | D:6      | Killed Maggie
  5118 | D:6      | Reached skill level 12 in Ranged Weapons
  5118 | D:6      | Reached XP level 9. HP: 55/67 MP: 11/11
  5760 | D:7      | Found a runed translucent gate.
  5760 | D:7      | Found a runed translucent gate.
  5761 | D:7      | Found a runed translucent gate.
  5763 | D:7      | Noticed cheburek's ghost (novice AtWr)
  6076 | D:7      | Reached skill level 13 in Ranged Weapons
  6392 | D:4      | Killed wogdood's ghost
  6837 | D:8      | Identified the +10 rapier of Hepliaklqana's Reproof {holy,
                  | rCorr}
  7631 | D:9      | Reached skill level 14 in Ranged Weapons
  7753 | D:9      | Reached XP level 10. HP: 65/72 MP: 13/13
  7825 | D:9      | Noticed Joseph
  8077 | D:10     | Entered Level 10 of the Dungeon
  8198 | D:10     | Found a runed translucent gate.
  8200 | D:10     | Found a runed translucent gate.
  8201 | D:10     | Found a runed translucent gate.
  8201 | D:10     | Noticed pener's ghost (journeyman MiFi)
  8201 | D:10     | Noticed a glowing orange brain
  8565 | D:10     | Noticed a two-headed ogre
  8569 | D:10     | Slain by a two-headed ogre

Illustrated notes

Levels and vault maps discovered:
D:1:      shiori_arrival_oz, layout_rooms, hellmonk_ecumenical_altar_dog_temple
D:2:      layout_loops_ring, serial_forest, infiniplex_forest_end_3,
          infiniplex_forest_lined_2, infiniplex_forest_lined_2,
          infiniplex_forest_clump_medium, infiniplex_forest_lined_2,
          infiniplex_forest_zigzag_2, infiniplex_forest_clump_tiny,
          eino_curves_04, nicolae_shop_unique_rings, kennysheep_donut,
          chequers_jeans
D:3:      layout_rooms, nicolae_ashenzari_panopticon, pf_just_have_faith,
          grunt_dithmenos_smoke, minmay_pentomino_pile
D:4:      layout_basic, lemuel_blue_sif_altar, elyvilon_altar_3,
          gammafunk_ghost_arena, uniq_robin, uniq_grinder, uniq_menkaure
D:5:      layout_layer_cave, mainiacjoe_overflow_catwalk,
          minmay_temple_entry_glassed_door, uniq_sigmund
D:6:      layout_layer_cave, lemuel_doored_altar, amcnicky_altar_gilded,
          kennysheep_mini, slow_altar_2, uniq_edmund, uniq_eustachio,
          uniq_maggie
D:7:      layout_rooms, gammafunk_ghost_necromancy, minmay_misc_feat_nine_boxes
D:8:      layout_basic
D:9:      layout_loops_ring, lemuel_round_altar, david_orc_1_choice, uniq_joseph
D:10:     layout_basic, nicolae_gozag_seed_capital, gammafunk_ghost_ooze

Skill      XL: |  1  2  3  4  5  6  7  8  9 |
---------------+----------------------------+-----
Ranged Weapons | 4 5 6 8 9 12 14 | 14.5
Fighting       | |  1.7
Dodging        | |  1.7
Stealth        | |  0.8

Action                     |  1- 3 |  4- 6 |  7- 9 | 10-12 || total
---------------------------+-------+-------+-------+-------++-------
  Melee: Shortbow          |       |       |     5 |       ||     5
   Fire: Shortbow          |   276 |   173 |   359 |    34 ||   842
    Use: Scroll            |    12 |     6 |     7 |       ||    25
         Potion            |       |     2 |       |     1 ||     3
 Armour: Leather armour    |     6 |    11 |    37 |     5 ||    59
  Dodge: Dodged            |    32 |    82 |   163 |    16 ||   293

Table legend: (Time is in decaauts)
 A = Elapsed time spent in this place.
 B = Non-inter-level travel time spent in this place.
 C = Inter-level travel time spent in this place.
 D = Time resting spent in this place.
 E = Time spent auto-exploring this place.
 F = Levels seen in this place.
 G = Mean time per level.
                   A        B        C        D        E       F      G
               +--------+--------+--------+--------+--------+-----+--------+
         Total |   8665 |   8102 |    563 |   1181 |   5265 |  10 |  866.5 |
       Dungeon |   8665 |   8102 |    563 |   1181 |   5265 |  10 |  866.5 |
               +--------+--------+--------+--------+--------+-----+--------+

Top non-repeatable levels by time:
     D:6: 1247 daAuts
     D:4: 1082 daAuts
     D:2: 1069 daAuts
     D:5: 982 daAuts
     D:8: 872 daAuts
     D:3: 814 daAuts
     D:1: 744 daAuts
     D:9: 701 daAuts
     D:7: 664 daAuts
    D:10: 486 daAuts
